cohdb
Replays
Latest Replays
All Replays
Popular Replays
Top Player Replays
Match Explorer
How It Works
Community
CoH3 Stats
Reddit
Sign in to upload your games and track your stats! →
Sign in with Steam
Match 40111396
Unlisted
Match 40111396
Overview
Messages
Build Orders
End
Construct Barracks
Riflemen Squad
1⁄4-ton 4x4 Truck
Engineer Squad
Construct Weapon Support Center
M1919 Machine Gun Team
Mechanized Support Center
M1919 Machine Gun Team
Designate Forward Repair Station
Selects Heavy Weapons
Selects Assault Carriers
M3 Assault Carrier
Bazooka Squad
Selects M2HB .50cal Heavy Machine Gun
Bazooka Squad
Riflemen Squad
Selects Exchangeable Parts
M1918 Browning Automatic Rifles
Grenade Package
Construct Tank Depot
Engineer Squad
M4A1 Sherman Medium Tank
Improved M9 Bazooka Rockets
『BlackBear』
Antoine Trinh
Keow
BROken-J
Battle Boy Springbridge Zhang
hooveric
Lation_kasler
语隔秋烟
0
0
Comments
sign in to comment!
No comments posted yet!